 Dungeon Crawl Stone Soup version 0.31-a0-187-gba352fbbf7 (webtiles) character file.

Game seed: 1324923552859159508

2 qw the Shooter (level 1, -3/12 HPs)
             Began as a Deep Elf Hunter on June 22, 2023.
             Slain by a hobgoblin
             ... wielding a +2 dagger of speed
              (4 damage)
             ... on level 1 of the Dungeon.
             The game lasted 00:00:00 (37 turns).

qw the Shooter (Deep Elf Hunter)                      Turns: 37, Time: 00:00:01

Health: -3/12      AC:  3    Str:  8    XL:     1   Next: 25%
Magic:  3/3        EV: 12    Int: 13    God:
Gold:   23         SH:  0    Dex: 18    Spells: 0/0 levels left

rFire   . . .        a - +0 shortbow
rCold   . . .        (shield currently unavailable)
rNeg    . . .        c - +0 leather armour
rPois   .            (no helmet)
rElec   .            (no cloak)
rCorr   .            (no gloves)
SInv    .            (no boots)
Will    .....        (no amulet)
Stlth   ++           (no ring)
HPRegen 0.22/turn    (no ring)
MPRegen 0.08/turn

%: no passive effects
@: no status effects
A: no striking features
a: no special abilities


You were on level 1 of the Dungeon.
You visited 1 branch of the dungeon, and saw 1 of its levels.

You collected 23 gold pieces.


   Skills:
 - Level 1.5 Fighting
 + Level 5.4 Ranged Weapons
 - Level 2.4 Dodging
 - Level 1.2 Stealth


You couldn't memorise any spells.
You didn't know any spells.
Your spell library was empty.

Inventory:

Hand Weapons
 a - a +0 shortbow (weapon)
Armour
 c - a +0 leather armour (worn)
Scrolls
 b - a scroll of butterflies
 d - a scroll of identify {unknown}

Dungeon Overview and Level Annotations

Branches:
Dungeon (1/15)

Altars:


Message History

A smirking vizier told you that the Orb of Zot is just within this dungeon.
Press ? for a list of commands and other information.
Found 10 gold pieces.
Found a staircase leading out of the dungeon.
Options error: Missing colour in message_colour setting: 'then' x2
Waypoint 0 assigned to D:1.
0 ||| PLANNING D:1-11 You now have 10 gold pieces.
You enter the shallow water.
Moving in this stuff is going to be slow.
You open the large door.
There is a large open door here.
d - a scroll labelled CUPUPN PAUCAG You now have 23 gold pieces (gained 13).
A rat comes into view.
You shoot an arrow. The arrow hits the rat!
You kill the rat!
A kobold comes into view. It is wielding a +0 whip.
Found a short smoking staff.
The kobold shouts!
You hear a shout!
The kobold throws a stone.
The stone hits you but does no damage.
You hear a shout!
You shoot an arrow. The arrow hits the kobold.
The kobold is severely wounded.
You shoot an arrow. The arrow hits the kobold.
You kill the kobold!
Things that are here:
a +0 whip; 4 stones
Found a book of Geomancy.
A hobgoblin comes into view. It is wielding a +2 dagger of speed.
You shoot an arrow.
The arrow hits the hobgoblin but does no damage.
You shoot an arrow. The arrow barely misses the hobgoblin.
You shoot an arrow. The arrow hits the hobgoblin.
The hobgoblin is lightly wounded.
The hobgoblin hits you with a +2 dagger of speed.
Ouch! That really hurt!
You shoot an arrow. The arrow closely misses the hobgoblin.
The hobgoblin hits you with a +2 dagger of speed. x2
You die...

#. #. .. .. .| .##
#. ..# # #..##.###:#
#..##?#..# #....@g##
## #..#....# #.#
#..#.)####..##.
#..##.#........
###.####..#......#.#
...................#
##.######.##.#######
... #..##.#
...###''#####


You could see a hobgoblin.

Vanquished Creatures
  A kobold (D:1)
  A rat (D:1)
2 creatures vanquished.

Notes
Turn   | Place    | Note
-------+----------+-------------------------------------------
     0 | D:1      | qw the Deep Elf Hunter began the quest for the Orb.
     0 | D:1      | Reached XP level 1. HP: 12/12 MP: 3/3
     0 | D:1      | 0 ||| qw: Version: 0.3-a-9-g12657ce
     0 | D:1      | 0 ||| qw: Game counter: 2500
     0 | D:1      | 0 ||| qw: Always use a shield: true
     0 | D:1      | 0 ||| qw: God list: Okawaru
     0 | D:1      | 0 ||| qw: Allow faded altars: false
     0 | D:1      | 0 ||| qw: Do Orc after D:15 true
     0 | D:1      | 0 ||| qw: Do second Lair branch before Depths: true
     0 | D:1      | 0 ||| qw: Lair rune preference: random
     0 | D:1      | 0 ||| qw: Plans: Normal
     0 | D:1      | 0 ||| PLANNING D:1-11
    37 | D:1      | HP: 1/12 [hobgoblin/+2 dagger of speed (5)]
    37 | D:1      | Slain by a hobgoblin

Levels and vault maps discovered:
D:1:      psy_arrival_whirlpool, layout_loops_ring, minmay_octomino_j4

Action                     || total
---------------------------++-------
   Fire: Shortbow          ||     7
 Armour: Leather armour    ||     1

Table legend:
 A = Non-vault XP
 B = Vault XP
 C = Vault XP percentage of total XP
 D = Non-vault monster count
 E = Vault monster count
 F = Vault count percentage of total count
                 A         B        C        D         E       F
            +---------+---------+-------+---------+---------+-------
      Total |       1 |       2 |  66.7 |       1 |       1 |  50.0
            +---------+---------+-------+---------+---------+-------
        D:1 |       1 |       2 |  66.7 |       1 |       1 |  50.0
            +---------+---------+-------+---------+---------+-------
